 Dungeon Sprint DCSS version 0.14.2 (webtiles) character file.

10054 Groucho the Unseen (level 11, -3/60 HPs)
             Began as a Spriggan Enchanter on Dec 30, 2019.
             Was a High Priest of Dithmenos.
             Slain by a sphinx (23 damage)
             ... in the Dungeon (Sprint II: "The Violet Keep of Menkaure").
             The game lasted 00:11:07 (2360 turns).

Groucho the Unseen (Spriggan Enchanter)             Turns: 2360, Time: 00:11:07

HP  -3/60        AC  3     Str  7      XL: 11   Next:  9%
MP  21/35        EV 29     Int 17      God: Dithmenos [*****.]
Gold 1659        SH  0     Dex 17      Spells:  4 memorised, 27 levels left

rFire  . . .     SeeInvis +     a - +1 dagger
rCold  . . .     Clarity  .     b - +1 robe
rNeg   . . .     Conserve .     (shield restricted)
rPois  .         rCorr    .     (helmet restricted)
rElec  .         rRot     .     (no cloak)
SustAb . .       Spirit   .     (gloves unavailable)
rMut   .         Warding  .     (boots unavailable)
Saprov . . .     NoTele   +     (no amulet)
MR     +....                    (no ring)
                                (no ring)

@: flying, slowed, wreathed by umbra, quick, somewhat resistant to hostile
enchantments, uncannily stealthy
A: unfitting armour, see invisible, herbivore 3, speed 3, slow metabolism 2
a: Shadow Step, Shadow Form, Renounce Religion


You were in the Dungeon.
You worshipped Dithmenos.
Dithmenos was extremely pleased with you.
You were not hungry.

You visited 1 branch You collected 1659 gold pieces.

Inventory:

Hand weapons
 a - a +1,+1 dagger (weapon)
 s - a +1,+0 short sword of draining
Missiles
 d - 12 darts (quivered)
Armour
 b - a +1 robe (worn)
Comestibles
 q - a bread ration
 v - 2 chokos
Scrolls
 j - 2 scrolls of enchant armour {unknown}
 k - a scroll of blinking
 l - 6 scrolls of identify {unknown}
 m - a scroll of amnesia {unknown}
 o - a scroll of remove curse {unknown}
 p - a scroll of fear {unknown}
 t - a scroll of enchant weapon II {unknown}
 w - a scroll of immolation {unknown}
Potions
 e - 4 potions of flight
 f - 2 potions of curing
 h - 2 potions of haste
 i - 5 potions of magic
 n - a potion of restore abilities {unknown}
 r - 4 potions of resistance {unknown}
 u - a potion of brilliance {unknown}
 x - a potion of paralysis {unknown}
Books
 c - a book of Maledictions

   Spells                             Type                      Level
   *Corona                            Hexes                        1
   Sure Blade                         Hexes/Charms                 2
   *Ensorcelled Hibernation           Hexes/Ice                    2
   *Confuse                           Hexes                        3
   Enslavement                        Hexes                        4
   *Invisibility                      Hexes                        6


   Skills:
 + Level 8.1 Fighting
 + Level 11.2 Short Blades
 - Level 1.1 Throwing
 + Level 13.5 Dodging
 - Level 17.2 Stealth
 + Level 14.8 Spellcasting
 + Level 14.9 Hexes


You had 27 spell levels left.
You knew the following spells:

 Your Spells              Type           Power        Failure   Level  Hunger
a - Corona                Hex            ######.      0%          1    None
b - Ensorcelled Hibernat  Hex/Ice        #####.       1%          2    None
c - Confuse               Hex            ######..     1%          3    None
d - Invisibility          Hex            ######..     1%          6    #####..


Dungeon Overview and Level Annotations

Branches:
Dungeon (1/1)

Altars:
Cheibriados
Dithmenos
Elyvilon
Fedhas
Kikubaaqudgha
Makhleb
Nemelex Xobeh
Okawaru
Sif Muna
Trog
Vehumet
Xom
Yredelemnul
Zin
The Shining One
Beogh
Jiyva
Lugonu

Shops:
D (::?!=[[!?}:[%?=

Annotations:
D exclusions: ice statue and oklob plant


Innate Abilities, Weirdness & Mutations

You are tiny and cannot use many weapons and most armour.
You have supernaturally acute eyesight.
You are a herbivore.
You cover ground extremely quickly.
You need consume almost no food.


Message History

The sphinx completely misses you. x2
The sphinx misses you. x2
The sphinx completely misses you. The sphinx hits you!
* * * LOW HITPOINT WARNING * * *
Drink which item? (? for menu, Esc to quit)
You feel much better.
The sphinx casts a spell.
You feel as though you will be slow longer.
The sphinx closely misses you. The sphinx completely misses you.
The sphinx closely misses you. The sphinx completely misses you.
The sphinx closely misses you. The sphinx completely misses you.
The sphinx barely misses you. The sphinx misses you. The sphinx hits you!
Casting: Confuse
Confirm with . or Enter, or press ? or * to list all spells.
Aiming: Confuse
Press: ? - help, Shift-Dir - straight line, f/p - sphinx
Aim: a sphinx (umbra)
The sphinx appears confused.
The sphinx completely misses you. The sphinx misses you. The sphinx hits you!
The sphinx hits you!
You die...

.##▓▓▓▓▓▓▓'▓▓▓▓+▓
≈≈≈≈≈≈≈≈§%...≈≈≈▓
########≈###.≈≈≈▓
.._....#§≈≈##≈≈≈▓
._._...#§≈≈≈####▓▓▓▓▓
_._._..#≈§§§§##..#$$▓
._._.⌠.#§§§§§§#.%#$.▓
_._._..#§§§§§§+H.H$$▓
._._...#§≈≈§≈≈#.@#$.▓
_._....#≈≈§§≈§▓..#$$▓
._.....#§≈≈≈▓▓▓▓▓▓▓▓▓
########≈≈≈§▓;
≈≈≈≈≈≈≈≈≈≈§≈▓≈≈≈
######≈▓▓▓▓▓▓ #▓▓


You could see 2 sphinxes.

Vanquished Creatures
  A kraken (D)
  A death yak (D)
  2 plague shamblers (D)
  2 death drakes (D)
  2 deep trolls (D)
  A mermaid (D)
  A yaktaur (D)
  3 polar bears (D)
  2 wyverns (D)
  A vampire mosquito (D)
  2 hippogriffs (D)
  4 necrophages (D)
  3 black bears (D)
  A yellow wasp (D)
  8 big fish (D)
  4 worker ants (D)
38 creatures vanquished.

Vanquished Creatures (others)
  Menkaure (D)
  A swamp drake (D)
2 creatures vanquished.

Grand Total: 40 creatures vanquished

Notes
Turn   | Place    | Note
--------------------------------------------------------------
     0 | D        | Groucho, the Spriggan Enchanter, began the quest for the Orb.
     0 | D        | Reached XP level 1. HP: 9/9 MP: 4/4
     1 | D        | Noticed a worker ant
     1 | D        | Noticed a worker ant
     3 | D        | Noticed a worker ant
     3 | D        | Noticed a worker ant
     8 | D        | Killed a worker ant
     8 | D        | Reached skill level 6 in Stealth
     8 | D        | Reached XP level 2. HP: 10/13 MP: 6/9
    12 | D        | Killed a worker ant
    12 | D        | Reached skill level 8 in Stealth
    12 | D        | Reached skill level 5 in Hexes
    12 | D        | Reached XP level 3. HP: 5/16 MP: 7/13
    19 | D        | Killed a worker ant
    19 | D        | Reached skill level 9 in Stealth
    19 | D        | Reached skill level 5 in Spellcasting
    19 | D        | Reached XP level 4. HP: 6/21 MP: 8/17
   291 | D        | Killed Menkaure
   375 | D        | Learned a level 2 spell: Ensorcelled Hibernation
   379 | D        | Learned a level 3 spell: Confuse
   382 | D        | Killed a worker ant
   393 | D        | Noticed a hippogriff
   393 | D        | Noticed a hippogriff
   396 | D        | Noticed a mermaid
   399 | D        | Noticed a necrophage
   399 | D        | Noticed a necrophage
   399 | D        | Noticed a necrophage
   399 | D        | Noticed a necrophage
   401 | D        | Noticed an ice statue
   402 | D        | Killed a necrophage
   402 | D        | Reached skill level 1 in Fighting
   402 | D        | Reached skill level 11 in Stealth
   402 | D        | Reached XP level 5. HP: 23/26 MP: 17/21
   403 | D        | Killed a necrophage
   403 | D        | Reached skill level 5 in Dodging
   403 | D        | Reached XP level 6. HP: 26/30 MP: 18/24
   406 | D        | Killed a necrophage
   406 | D        | Reached skill level 5 in Short Blades
   406 | D        | Reached skill level 12 in Stealth
   412 | D        | Killed a necrophage
   412 | D        | Reached XP level 7. HP: 19/35 MP: 13/26
   428 | D        | Killed a mermaid
   428 | D        | Reached skill level 13 in Stealth
   428 | D        | Reached skill level 10 in Hexes
   442 | D        | Killed a hippogriff
   442 | D        | Reached skill level 10 in Spellcasting
   444 | D        | Killed a hippogriff
   444 | D        | Reached skill level 14 in Stealth
   444 | D        | Reached XP level 8. HP: 12/42 MP: 8/29
   772 | D        | Found Klog's Magic Scroll Boutique.
   772 | D        | Found Ungiacw's Antique Armour Shop.
   772 | D        | Found Kuesm's Magic Scroll Boutique.
   772 | D        | Found Unuolunt's Gadget Boutique.
   773 | D        | Found Thuef's Jewellery Shop.
   773 | D        | Found Pnatit's Book Shop.
   773 | D        | Found Truaceq's Antique Armour Shop.
   773 | D        | Found Poarghu's Distillery.
   774 | D        | Found Fruoxuxi's Food Boutique.
   774 | D        | Found Kaosch's Antique Armour Shop.
   778 | D        | Noticed a vampire mosquito
   781 | D        | Killed a vampire mosquito
   790 | D        | Found Efakixte's Book Shop.
   790 | D        | Found Pninaf's Distillery.
   790 | D        | Found Phaun's Magic Scroll Boutique.
   790 | D        | Found Sahazoho's Jewellery Boutique.
   790 | D        | Noticed a crocodile
   791 | D        | Found Pnuidieh's Antique Weapon Boutique.
   791 | D        | Noticed an oklob plant
   792 | D        | Found Boeskas' Book Shoppe.
   794 | D        | Noticed a griffon
   795 | D        | Noticed a griffon
   795 | D        | Noticed a griffon
   805 | D        | Noticed a slime creature
   809 | D        | Noticed a slime creature
   826 | D        | Noticed a slime creature
   878 | D        | Learned a level 6 spell: Invisibility
   880 | D        | Found a shadowy altar of Dithmenos.
   880 | D        | Found an ancient bone altar of Kikubaaqudgha.
   881 | D        | Found a blossoming altar of Fedhas.
   881 | D        | Found a white marble altar of Elyvilon.
   881 | D        | Found an iron altar of Okawaru.
   881 | D        | Found a basalt altar of Yredelemnul.
   881 | D        | Found a radiant altar of Vehumet.
   882 | D        | Noticed a baby alligator
   882 | D        | Found a shimmering altar of Xom.
   884 | D        | Found a roughly hewn altar of Beogh.
   884 | D        | Found a glowing golden altar of the Shining One.
   884 | D        | Found a deep blue altar of Sif Muna.
   884 | D        | Found a burning altar of Makhleb.
   886 | D        | Found a snail-covered altar of Cheibriados.
   886 | D        | Found a bloodstained altar of Trog.
   886 | D        | Found a corrupted altar of Lugonu.
   886 | D        | Found a sparkling altar of Nemelex Xobeh.
   886 | D        | Found a glowing silver altar of Zin.
   886 | D        | Noticed a yellow wasp
   886 | D        | Noticed a polar bear
   887 | D        | Found a viscous altar of Jiyva.
   887 | D        | Noticed a yaktaur
   889 | D        | Noticed a big fish
   893 | D        | Became a worshipper of Dithmenos the Shadowed
   899 | D        | Noticed a polar bear
   899 | D        | Noticed a polar bear
   900 | D        | Killed a polar bear
   901 | D        | Killed a polar bear
   903 | D        | Killed a polar bear
   903 | D        | Reached skill level 15 in Stealth
   904 | D        | Killed a yellow wasp
   904 | D        | Reached XP level 9. HP: 46/46 MP: 26/31
   906 | D        | Killed a yaktaur
   916 | D        | Noticed a wyvern
   917 | D        | Noticed a wyvern
   918 | D        | Killed a wyvern
   918 | D        | Acquired Dithmenos' first power
   918 | D        | Reached skill level 5 in Fighting
   920 | D        | Killed a wyvern
   928 | D        | Noticed a black bear
   929 | D        | Noticed a black bear
   929 | D        | Noticed a black bear
   930 | D        | Killed a black bear
   932 | D        | Killed a black bear
   932 | D        | Reached skill level 10 in Short Blades
   932 | D        | Reached skill level 16 in Stealth
   933 | D        | Killed a black bear
   939 | D        | Noticed a deep elf master archer
  1026 | D        | Noticed a death yak
  1028 | D        | Killed a death yak
  1028 | D        | Acquired Dithmenos' second power
  1028 | D        | Reached skill level 10 in Dodging
  1038 | D        | Noticed a plague shambler
  1039 | D        | Noticed a death drake
  1040 | D        | Noticed a death drake
  1040 | D        | Noticed a swamp drake
  1040 | D        | Noticed a plague shambler
  1041 | D        | Killed a plague shambler
  1041 | D        | Reached XP level 10. HP: 51/53 MP: 28/33
  1049 | D        | Killed a swamp drake
  1346 | D        | Killed a plague shambler
  1346 | D        | Reached skill level 17 in Stealth
  1731 | D        | Noticed an electric golem
  1731 | D        | Noticed a crystal guardian
  1731 | D        | Noticed an earth elemental
  1731 | D        | Noticed an earth elemental
  1733 | D        | Killed a death drake
  1735 | D        | Killed a death drake
  1735 | D        | Acquired Dithmenos' third power
  1758 | D        | Noticed a kraken
  1769 | D        | Killed a kraken
  1790 | D        | Noticed a big fish
  2183 | D        | Killed a big fish
  2188 | D        | Killed a big fish
  2194 | D        | Noticed a big fish
  2194 | D        | Noticed a big fish
  2195 | D        | Noticed a big fish
  2204 | D        | Killed a big fish
  2223 | D        | Noticed a shark
  2225 | D        | Noticed a big fish
  2228 | D        | Killed a big fish
  2228 | D        | Acquired Dithmenos' fourth power
  2236 | D        | Noticed a big fish
  2251 | D        | Killed a big fish
  2259 | D        | Noticed a shark
  2262 | D        | Noticed a big fish
  2264 | D        | Killed a big fish
  2277 | D        | Killed a big fish
  2298 | D        | Killed a big fish
  2314 | D        | Noticed a deep troll
  2315 | D        | Noticed a deep troll
  2317 | D        | Killed a deep troll
  2317 | D        | Reached XP level 11. HP: 60/60 MP: 35/35
  2318 | D        | Killed a deep troll
  2340 | D        | Noticed a sphinx
  2341 | D        | Noticed a sphinx
  2360 | D        | Slain by a sphinx

Action                   |  1- 3 |  4- 6 |  7- 9 | 10-12 || total
-------------------------+-------+-------+-------+-------++-------
Melee: Dagger            |    14 |     8 |    17 |    28 ||    67
 Cast: Ensorcelled Hiber |       |     1 |     5 |    10 ||    16
       Confuse           |       |     2 |     1 |     6 ||     9
       Invisibility      |       |       |     2 |     2 ||     4
  Use: Potion            |     1 |       |       |     6 ||     7
 Stab: Sleeping          |     1 |     3 |    15 |    14 ||    33
       Confused          |       |     3 |     1 |     1 ||     5
       Invisible         |       |       |       |     2 ||     2
